 Dungeon Crawl Stone Soup version 0.21-a0-401-g0b6bec4 (webtiles) character file.

92 Espgualade the Skirmisher (level 4, -1/29 HPs)
             Began as a Tengu Ice Elementalist on Oct 24, 2017.
             Slain by a gnoll (4 damage)
             ... on level 3 of the Dungeon.
             The game lasted 00:06:19 (2900 turns).

Espgualade the Skirmisher (Tengu Ice Elementalist)  Turns: 2900, Time: 00:06:20

Health: -1/29      AC:  3    Str:  9    XL:     4   Next: 60%
Magic:  8/8        EV: 12    Int: 16    God:
Gold:   42         SH:  0    Dex: 14    Spells: 4/7 levels left

rFire    . . .     SeeInvis .   o - +0 whip (drain)
rCold    . . .     Gourm    .   (no shield)
rNeg     . . .     Faith    .   a - +0 robe
rPois    .         Spirit   .   (helmet restricted)
rElec    .         Reflect  .   q - scarf {repulsion}
rCorr    .         Harm     .   p - +0 pair of gloves
MR       .....                  (boots unavailable)
Stlth    ++........             (no amulet)
HPRegen  0.09/turn              (no ring)
MPRegen  0.11/turn              (no ring)

@: drained, repel missiles
A: beak, talons 3
a: no special abilities


You were on level 3 of the Dungeon.
You were not hungry.

You visited 1 branch of the dungeon, and saw 3 of its levels.

You collected 42 gold pieces.

Inventory:

Hand Weapons
 o - a +0 whip of draining (weapon)
Armour
 a - a +0 robe (worn)
 i - a +0 buckler
 p - a +0 pair of gloves (worn)
 q - a scarf of repulsion (worn)
Scrolls
 e - a scroll of teleportation
 j - a scroll of random uselessness {unknown}
 k - 2 scrolls of fear
 l - a scroll of magic mapping {unknown}
Potions
 d - a potion of curing
 h - a potion of cancellation
 m - a potion of magic
 r - a potion of flight {unknown}
Books
 b - a book of Frost

   Spells                             Type                      Level
   a - Freeze                         Ice                          1
   b - Throw Frost                    Conjuration/Ice              2
   c - Ozocubu's Armour               Charms/Ice                   3
   d - Throw Icicle                   Conjuration/Ice              4
   e - Summon Ice Beast               Ice/Summoning                4
Comestibles
 c - 2 bread rations
 f - 3 meat rations
 g - 2 royal jellies


   Skills:
 + Level 4.1(3.1) Fighting
 - Level 2.1(1.2) Dodging
 - Level 2.0(1.0) Stealth
 - Level 2.0(1.0) Spellcasting
 - Level 1.3(0.4) Conjurations
 - Level 2.6(1.7) Ice Magic


You had 4 spell levels left.
You knew the following spells:

 Your Spells              Type           Power        Failure   Level  Hunger
a - Freeze                Ice            #...         11%         1    ##.....
b - Throw Frost           Conj/Ice       #.....       22%         2    ###....


Dungeon Overview and Level Annotations

Branches:
Dungeon (3/15)

Altars:

Annotations:
D:3 TheSlyBlade's ghost, weakling DsAK


Innate Abilities, Weirdness & Mutations

You have a beak for a mouth.
You have claws for feet.


Message History

The orc priest mumbles some strange prayers to Beogh against you.
Beogh smites you!
Ouch! That really hurt!
The gnoll shouts!
You hear a shout!
You feel better. The orc priest hits you.
As you read the scroll of fog, it crumbles to dust.
The scroll dissolves into smoke.
The orc priest hits you. The gnoll barely misses you.
You hit the orc priest but do no damage.
The orc priest invokes the aid of Beogh against you.
Pain shoots through your body!
* * * LOW HITPOINT WARNING * * *
The gnoll misses you.
It was a potion of magic.
Magic courses through your body. The orc priest hits you.
* * * LOW HITPOINT WARNING * * *
The gnoll closely misses you.
It was a potion of cancellation.
You feel magically purged. The orc priest closely misses you.
The gnoll hits you.
You die...

....#.........P♣....#####'#
P..#....P#'#÷♣P♣.....# #.#
.........#)#..♣♣.....# #.#
..P....P.###.P.♣.....## #.#
..#+#($......♣.#......###.#
.. #.....................#
#..⌠§§§§§....#.....##.#
##...P§§§§....#.....##.#
P...o.o§@§§♣...#...#.####
....####og§....#...#..#
.o.. .'§§§.♣#.#...#..###
... g.#P...♣#.###......# ..
###...♣.#..........'
.P....♣.####......#
.....♣.♣.# ####..##
P......♣.# ##..# ## #..#


You could see an orc priest, a gnoll and an orc.

Vanquished Creatures
  3 adders (D:2)
  A gnoll (D:3)
  3 worms (D:2)
  3 dart slugs
  A leopard gecko (D:1)
  An orc (D:3)
  6 bats
  4 giant cockroaches
  2 hobgoblins (D:1)
  2 jackals (D:3)
  A quokka (D:2)
  A frilled lizard (D:2)
  4 goblins
  4 kobolds
  5 rats
41 creatures vanquished.

Notes
Turn   | Place    | Note
-------+----------+-------------------------------------------
     0 | D:1      | Espgualade the Tengu Ice Elementalist began the quest for the Orb.
     0 | D:1      | Reached XP level 1. HP: 10/10 MP: 4/4
   181 | D:1      | Reached skill level 1 in Fighting
   418 | D:1      | Reached XP level 2. HP: 17/17 MP: 6/6
   658 | D:1      | Reached skill level 2 in Fighting
  1412 | D:1      | Learned a level 2 spell: Throw Frost
  1462 | D:2      | Reached XP level 3. HP: 15/22 MP: 2/7
  1645 | D:2      | Reached skill level 3 in Fighting
  2014 | D:2      | Reached XP level 4. HP: 22/28 MP: 4/8
  2512 | D:3      | Noticed TheSlyBlade's ghost (weakling DsAK)
  2602 | D:3      | Reached skill level 4 in Fighting
  2900 | D:3      | Slain by a gnoll

Vault maps used:
D:1:      kennysheep_arrival_forest
D:3:      wad_woods_settlement, minmay_stone_trees_medium

Skill      XL: |  1  2  3  4 |
---------------+-------------+-----
Fighting       | 1 2 3 4 |  4.1
Dodging        | |  2.1
Stealth        | |  2.0
Spellcasting   | |  2.0
Conjurations   | |  1.3
Ice Magic      | |  2.6

Action                   |  1- 3 |  4- 6 || total
-------------------------+-------+-------++-------
Melee: Unarmed           |    29 |       ||    29
       Kick              |    15 |     6 ||    21
       Peck              |     9 |     7 ||    16
       Dagger            |    47 |    25 ||    72
       Whip              |       |    10 ||    10
 Cast: Freeze            |    22 |     9 ||    31
       Throw Frost       |     1 |     4 ||     5
  Use: Scroll            |     1 |     5 ||     6
       Potion            |       |     3 ||     3
 Stab: Sleeping          |     7 |     2 ||     9
  Eat: Chunk             |     3 |       ||     3
       Bread ration      |       |     1 ||     1
Armor: Robe              |    19 |     9 ||    28
Dodge: Dodged            |    63 |    20 ||    83

Table legend:
 A = Spawn XP
 B = Non-spawn XP
 C = Spawn XP percentage of total XP
 D = Spawn monster count
 E = Non-spawn monster count
 F = Spawn count percentage of total count
 G = Total turns spent on level
                    A         B        C        D         E        F      G
               +---------+---------+-------+---------+---------+-------+---------
         Total |       0 |     132 |   0.0 |       0 |      41 |   0.0 |  2900
               +---------+---------+-------+---------+---------+-------+---------
           D:1 |       0 |      26 |   0.0 |       0 |      15 |   0.0 |  1449
           D:2 |       0 |      84 |   0.0 |       0 |      21 |   0.0 |  1033
           D:3 |       0 |      22 |   0.0 |       0 |       5 |   0.0 |   418
               +---------+---------+-------+---------+---------+-------+---------
